 Dungeon Crawl Stone Soup version 0.29-a0-275-g389c0b56f3 (webtiles) character file.

Game seed: 1896297645247748041

11 spaghetti the Skirmisher (level 2, -4/33 HPs)
             Began as an Ogre Chaos Knight on Mar 9, 2022.
             Was a Plaything of Xom.
             Slain by a kobold
             ... wielding a +0 short sword
              (5 damage)
             ... on level 1 of the Dungeon.
             The game lasted 00:00:43 (325 turns).

spaghetti the Skirmisher (Ogre Chaos Knight)         Turns: 325, Time: 00:00:44

Health: -4/33      AC:  5    Str: 15    XL:     2   Next: 25%
Magic:  2/2        EV:  9    Int: 13    God:    Xom [*.....]
Gold:   12         SH:  0    Dex:  8    Spells: 1/1 levels left

rFire   . . .      SeeInvis .   e - +0 dagger (speed) {short}
rCold   . . .      Faith    .   (no shield)
rNeg    . . .      Spirit   .   b - +2 robe
rPois   .          Reflect  .   (helmet restricted)
rElec   .          Harm     .   (no cloak)
rCorr   .          Rampage  .   (gloves unavailable)
Will    .....                   (boots unavailable)
Stlth   +.........              (no amulet)
HPRegen 0.11/turn               (no ring)
MPRegen 0.08/turn               (no ring)

@: no status effects
A: large, unfitting armour, tough skin 1
a: Renounce Religion


You were on level 1 of the Dungeon.
You worshipped Xom.
You were a special plaything of Xom.
You visited 1 branch of the dungeon, and saw 1 of its levels.

You collected 12 gold pieces.


Innate Abilities, Weirdness & Mutations

You are too large for most types of armour.
You have tough skin. (AC +1)


   Skills:
 + Level 4.9 Fighting
 - Level 3.0 Axes
 - Level 2.1 Dodging


You had one spell level left.
You didn't know any spells.
Your spell library was empty.

Inventory:

Hand Weapons
 a - a +0 hand axe of chaos {axe}
 e - a +0 dagger of speed (weapon) {short}
   (You found it on level 1 of the Dungeon)
Missiles
 d - 57 stones {throwing}
Armour
 b - a +2 robe (worn)
Miscellaneous
 c - a piece from Xom's chessboard (15/15) (quivered)

Dungeon Overview and Level Annotations

Branches:
Dungeon (1/15)

Altars:

#.####.#..≈§≈#<.
##.#....##.≈≈≈###
###....######≈≈8≈≈§
########.>..###
#≈8≈≈≈≈
.......)..###
#≈≈≈≈≈≈ .########.#
###.### #.# #.# #
#K# #. # #@# #)#
#.# #.# ..# ... .#.
.. .


You could see a kobold.


Message History

You are too injured to fight recklessly!
You are too injured to fight recklessly!
You are too injured to fight recklessly!
You are too injured to fight recklessly!
You are too injured to fight recklessly!
You hit the endoplasm. The endoplasm closely misses you.
You hit the endoplasm but do no damage. You hit the endoplasm.
The endoplasm hits you. 😮 HP[-1]
You take 1 damage, and now have 15/26 hp.
You hit the endoplasm.
You kill the endoplasm!
A quokka comes into view.
You have reached level 2! 😮 HP[+4] MP[+1]
You now have 33 max hp (+7).
You regained 4 hp, and now have 19/33 hp.
Your mp is fully restored (2).
You barely miss the ball python.
The ball python bites you but does no damage.
You hit the ball python. You hit the ball python.
You kill the ball python!
You closely miss the kobold. You hit the kobold. The kobold barely misses you.
You hit the kobold but do no damage. Your punch misses the kobold.
The kobold completely misses you. 😮 HP[+1]
You barely miss the kobold. You closely miss the kobold.
The kobold completely misses you.
You miss the kobold. You barely miss the kobold.
The kobold hits you with a +0 short sword. 😮 HP[-1]
You take 1 damage, and now have 19/33 hp.
You barely miss the kobold.
A kobold comes into view. It is wielding a +0 short sword.
The kobold hits you with a +0 short sword.
* * * LOW HITPOINT WARNING * * *
😨 HP[-4]
You take 4 damage, and now have 15/33 hp.
The kobold shouts!
You hit the kobold. You hit the kobold.
You kill the kobold!
You hit the quokka. The quokka closely misses you.
You closely miss the quokka. The quokka bites you.
* * * LOW HITPOINT WARNING * * *
😨 HP[-3]
You take 3 damage, and now have 12/33 hp.
You hit the quokka but do no damage. You hit the quokka but do no damage.
The quokka bites you but does no damage.
The kobold hits you with a +0 short sword.
* * * LOW HITPOINT WARNING * * *
😨 HP[-2]
You take 2 damage, and now have 10/33 hp.
You aren't carrying any potions.
You hit the quokka. The quokka bites you.
* * * LOW HITPOINT WARNING * * *
😱 HP[-3]
You take 3 damage, and now have 7/33 hp.
You hit the quokka.
You kill the quokka!
The kobold hits you with a +0 short sword.
* * * LOW HITPOINT WARNING * * *
😱 HP[-3]
You take 3 damage, and now have 4/33 hp.
You hit the kobold but do no damage.
The kobold hits you with a +0 short sword.
* * * LOW HITPOINT WARNING * * *
😱 HP[-1]
You take 1 damage, and now have 3/33 hp.
You hit the kobold but do no damage.
Throw: 2 throwing nets {=f!fthrowing}
Press: ? - help, Shift-Dir - straight line, f - kobold
Aim: a kobold, wielding a +0 short sword (47% to hit)
You throw a throwing net {=f!fthrowing}.
The throwing net {=f!fthrowing} closely misses the kobold.
The kobold hits you with a +0 short sword.
* * * LOW HITPOINT WARNING * * *
😱 HP[-2]
You take 2 damage, and now have 1/33 hp.
Throw: throwing net {=f!fthrowing}
Press: ? - help, Shift-Dir - straight line, f/p - kobold
Aim: a kobold, wielding a +0 short sword (47% to hit)
You throw a throwing net {=f!fthrowing}.
The throwing net {=f!fthrowing} hits the kobold.
The kobold is caught in the net!
The kobold struggles against the net.
You hit the kobold.
The kobold struggles against the net.
You barely miss the kobold.
The kobold struggles against the net.
You barely miss the kobold. You hit the kobold.
The kobold struggles against the net.
You hit the kobold but do no damage.
The kobold struggles against the net.
The net rips apart, and the kobold comes free!
You closely miss the kobold. You barely miss the kobold.
The kobold hits you with a +0 short sword.
You die...

Action                   || total
-------------------------++-------
Melee: Dagger            ||    46
       Hand axe          ||    10
Throw: Throwing net      ||     2
  Use: Scroll            ||     1
Armor: Robe              ||     7
Dodge: Dodged            ||    12

Levels and vault maps discovered:
D:1:      lightli_arrival_boilingwater, layout_rooms, nicolae_figureground_pulse

Notes
Turn   | Place    | Note
-------+----------+-------------------------------------------
     0 | D:1      | spaghetti the Ogre Chaos Knight began the quest for the
                  | Orb.
     0 | D:1      | Reached XP level 1. HP: 24/24 MP: 1/1
     0 | D:1      | magus.rc [v1.9.6]
   110 | D:1      | XOM: silly message
   286 | D:1      | XOM: silly message
   296 | D:1      | Reached XP level 2. HP: 19/33 MP: 2/2
   313 | D:1      | HP: 7/33 [quokka (3)]
   315 | D:1      | HP: 3/33 [kobold/+0 short sword (1)]
   317 | D:1      | HP: 1/33 [kobold/+0 short sword (2)]
   325 | D:1      | Slain by a kobold

Vanquished Creatures
  A ball python (D:1)
  2 endoplasms (D:1)
  2 goblins (D:1)
  A hobgoblin (D:1)
  A kobold (D:1)
  A quokka (D:1)
8 creatures vanquished.

Table legend:
 A = Non-vault XP
 B = Vault XP
 C = Vault XP percentage of total XP
 D = Non-vault monster count
 E = Vault monster count
 F = Vault count percentage of total count
                 A         B        C        D         E       F
            +---------+---------+-------+---------+---------+-------
      Total |      16 |       0 |   0.0 |       8 |       0 |   0.0
            +---------+---------+-------+---------+---------+-------
        D:1 |      16 |       0 |   0.0 |       8 |       0 |   0.0
            +---------+---------+-------+---------+---------+-------

Illustrated notes

Table legend:
 A = Kills in this place as a percentage of kills in entire the game.
 B = Kills by you in this place as a percentage of kills by you in the entire game.
 C = Kills by friends in this place as a percentage of kills by friends in the entire game.
 D = Other kills in this place as a percentage of other kills in the entire game.
 E = Experience gained in this place as a percentage of experience gained in the entire game.
 F = Experience gained in this place divided by the number of levels of this place that you have seen.
                   A       B       C       D       E      F
               +-------+-------+-------+-------+-------+----------------------
         Total | 100.0 | 100.0 |   N/A |   N/A | 100.0 |  16.0
       Dungeon | 100.0 | 100.0 |   N/A |   N/A | 100.0 |  16.0
               +-------+-------+-------+-------+-------+----------------------

Table legend: (Time is in decaauts)
 A = Elapsed time spent in this place.
 B = Non-inter-level travel time spent in this place.
 C = Inter-level travel time spent in this place.
 D = Time resting spent in this place.
 E = Time spent auto-exploring this place.
 F = Levels seen in this place.
 G = Mean time per level.
                   A        B        C        D        E       F      G
               +--------+--------+--------+--------+--------+-----+--------+
         Total |    312 |    312 |      0 |    152 |     91 |   1 |  312.0 |
       Dungeon |    312 |    312 |      0 |    152 |     91 |   1 |  312.0 |
               +--------+--------+--------+--------+--------+-----+--------+

Top non-repeatable levels by time:
     D:1: 312 daAuts
